 Dungeon Crawl Stone Soup version 0.30.0-19-g36f170ea60 (webtiles) character file.

Game seed: 6383524690628246899

379 Bnni the Digger (level 7, 0/48 (52) HPs)
             Began as a Formicid Earth Elementalist on May 30, 2023.
             Was a Plaything of Xom.
             Slain by a small abomination (19 damage)
             ... on level 3 of the Dungeon.
             The game lasted 00:06:58 (3258 turns).

Bnni the Digger (Formicid Earth Elementalist)       Turns: 3258, Time: 00:06:58

HP:   0/48 (52)     AC:  3    Str: 13    XL:     7   Next: 4%
MP:   7/12          EV: 11    Int: 16    God:    Xom [.*....]
Gold: 176           SH:  0    Dex: 14    Spells: 3/13 levels left

rFire   . . .        h - +0 dagger (drain)
rCold   . . .        (no shield)
rNeg    . . .        o - +0 leather armour
rPois   .            (helmet unavailable)
rElec   .            (no cloak)
rCorr   .            (no gloves)
SInv    +            (no boots)
Will    .....        (no amulet)
Stlth   ++           (no ring)
HPRegen 0.00/turn    (no ring)
MPRegen 0.13/turn

%: no passive effects
@: inhibited regen, drained
A: permanent stasis, dig shafts and tunnels, antennae 3, four strong arms,
hooves 1, inhibited regeneration, subdued magic 2
a: Dig, Shaft Self, Renounce Religion


You were on level 3 of the Dungeon.
You worshipped Xom.
You were a plaything of Xom.
You visited 1 branch of the dungeon, and saw 3 of its levels.
You also visited: Sewer.

You collected 176 gold pieces.

Inventory:

Hand Weapons
 a - a +0 quarterstaff
 h - a +0 dagger of draining (weapon)
Missiles
 q - a curare-tipped dart
 t - 11 poisoned darts
Armour
 o - a +0 leather armour (worn)
 p - a +0 ring mail
Scrolls
 g - a scroll of enchant armour {unknown}
 j - a scroll of fear {unknown}
 k - a scroll of vulnerability {unknown}
 m - a scroll of poison {unknown}
 n - a scroll of amnesia {unknown}
 r - a scroll of brand weapon {unknown}
 v - a scroll of enchant weapon {unknown}
 x - a scroll of noise {unknown}
Potions
 b - 2 potions of magic
 d - 2 potions of curing
 f - a potion of haste {unknown}
 i - a potion of resistance {unknown}
 l - a potion of flight {unknown}
 s - 3 potions of mutation
 u - a potion of heal wounds {unknown}
 w - a potion of might {unknown}


   Skills:
 + Level 3.0 Fighting
 - Level 1.7 Dodging
 - Level 2.4 Stealth
 + Level 3.7 Spellcasting
 - Level 3.0 Transmutations
 * Level 6.3 Earth Magic


You had 3 spell levels left.
You knew the following spells:

 Your Spells              Type           Power      Damage    Failure   Level
a - Sandblast             Erth           28%        2d8       1%          1
b - Passwall              Tmut/Erth      9%         N/A       2%          2
c - Stone Arrow           Conj/Erth      16%        3d8       13%         3
d - Petrify               Tmut/Erth      11%        N/A       24%         4

Your spell library contained the following spells:

 Spells                   Type           Power      Damage    Failure   Level
 Inner Flame              Hex/Fire       1%         N/A       45%         3
 Yara's Violent Unravell  Hex/Tmut       2%         3d3       95%         5
 Enfeeble                 Hex            0%         N/A       100%        7


Dungeon Overview and Level Annotations

Branches:
Dungeon (3/15)              Sewer (visited)

Altars:
Fedhas
Ru
Xom

Shops:
D:1 (

Portals:
Abyss: D:3

Annotations:
D:3 1 transporter, brob1's ghost, weakling MiBe


Innate Abilities, Weirdness & Mutations

You cannot be hasted, slowed, berserked, paralysed or teleported.
You can dig through walls and to a lower floor.
You have a pair of large antennae on your head. (SInv)
Your four strong arms can wield two-handed weapons with a shield.
You have large cloven feet.
You do not regenerate when monsters are visible.
Your spells are easier to cast, but less powerful.


Message History

Aiming: Sandblast (safe; 1% risk of failure)
Press: ? - help, Q - select action, (/) - cycle Shift-Dir - straight line, f - small abomination
Aim: a small abomination (87% to hit)
The blast of sand hits the small abomination but does no damage.
The small abomination hits you but does no damage.
Unknown command.
Aiming: Sandblast (safe; 1% risk of failure)
Press: ? - help, Q - select action, (/) - cycle Shift-Dir - straight line, f/p - small abomination
Aim: a small abomination (87% to hit)
The blast of sand hits the small abomination but does no damage.
The small abomination hits you!
Unknown command.
Unknown command.
Aiming: Sandblast (safe; 1% risk of failure)
Press: ? - help, Q - select action, (/) - cycle Shift-Dir - straight line, f/p - small abomination
Aim: a small abomination (87% to hit)
The blast of sand misses the small abomination.
The small abomination barely misses you. x2
Unknown command.
Aiming: Sandblast (safe; 1% risk of failure)
Press: ? - help, Q - select action, (/) - cycle Shift-Dir - straight line, f/p - small abomination
Aim: a small abomination (87% to hit)
The blast of sand hits the small abomination but does no damage.
The small abomination hits you.
Unknown command.
Aiming: Sandblast (safe; 1% risk of failure)
Press: ? - help, Q - select action, (/) - cycle Shift-Dir - straight line, f/p - small abomination
Aim: a small abomination (87% to hit)
The blast of sand hits the small abomination.
The small abomination is lightly damaged.
The small abomination barely misses you.
The small abomination hits you!
Unknown command.
Aiming: Sandblast (safe; 1% risk of failure)
Press: ? - help, Q - select action, (/) - cycle Shift-Dir - straight line, f/p - small abomination
Aim: a small abomination (lightly damaged, 87% to hit)
The blast of sand hits the small abomination.
The small abomination is moderately damaged.
The small abomination hits you!!
You die...

#.#.#.....### #.# ##.###.###...#
#.#
..>.....##...##################..
##..............................÷
.......................###....###
#........####....###...# #....# #
......####∩5##..##.##..# #....# #
......#W...# #.##x^.#..###....###
......##.##..###@####..##........
.......#####.?$.#.##...##.#######
##.........##..#.###......#
#......©...#.##.#.....#..#
##.....###..##..©#........#
##....##©##..#?#.##....####
#.#..##..##.##....##...#
###..##.#.###..###.#...#
###...##.# ^.#####.##..#


You could see a small abomination.

Vanquished Creatures
  2 kobold brigands (Sewer)
  A jelly (D:3)
  An orc wizard (D:3)
  8 adders
  3 river rats (Sewer)
  A shadow imp (D:3)
  2 worms (D:3)
  2 orcs (D:3)
  4 endoplasms
  2 giant cockroaches (D:1)
  5 goblins
  9 hobgoblins
  6 jackals
  6 kobolds
  12 ball pythons
  6 bats
  6 frilled lizards
  7 rats
83 creatures vanquished.

Notes
Turn   | Place    | Note
-------+----------+-------------------------------------------
     0 | D:1      | Bnni the Formicid Earth Elementalist began the quest for
                  | the Orb.
     0 | D:1      | Reached XP level 1. HP: 13/13 MP: 3/3
   148 | D:1      | Reached XP level 2. HP: 20/20 MP: 0/5
   213 | D:1      | Found Epav's Weapon Emporium.
   274 | D:1      | Reached skill level 4 in Earth Magic
   487 | D:1      | Reached skill level 1 in Fighting
   487 | D:1      | Reached XP level 3. HP: 26/26 MP: 4/6
   507 | D:1      | Found a faded altar of an unknown god.
   511 | D:1      | Prayed at the altar of an unknown god.
   511 | D:1      | Became a worshipper of Xom of Chaos
   969 | D:2      | XOM: silly message
  1043 | D:2      | Reached XP level 4. HP: 27/32 MP: 2/7
  1166 | D:2      | XOM: silly message
  1180 | D:2      | XOM: silly message
  1348 | D:2      | Found a blossoming altar of Fedhas.
  1632 | D:2      | Learned a level 2 spell: Passwall
  1636 | D:2      | Learned a level 3 spell: Stone Arrow
  1739 | D:3      | Found a transporter.
  1752 | D:3      | Reached XP level 5. HP: 31/35 MP: 6/9
  1755 | D:3      | Reached skill level 5 in Earth Magic
  1904 | D:3      | Found a glowing drain.
  1963 | D:3      | Learned a level 4 spell: Petrify
  1964 | Sewer    | Entered a sewer
  2007 | Sewer    | XOM: noise
  2104 | Sewer    | Reached XP level 6. HP: 35/44 MP: 4/10
  2231 | Sewer    | XOM: smoke on damage
  2247 | Sewer    | XOM: divination: magic mapping
  2380 | Sewer    | XOM: silly message
  2387 | Sewer    | Reached skill level 6 in Earth Magic
  2466 | Sewer    | XOM: noise
  2804 | D:3      | Reached XP level 7. HP: 47/47 MP: 10/12
  2928 | D:3      | XOM: give mutations
  2928 | D:3      | Gained mutation: You do not regenerate when monsters are
                  | visible. [Xom's mischief]
  2928 | D:3      | Gained mutation: You have large cloven feet. [Xom's
                  | mischief]
  2928 | D:3      | Gained mutation: Your spells are a little easier to cast,
                  | but a little less powerful. [Xom's mischief]
  2928 | D:3      | Gained mutation: Your spells are easier to cast, but less
                  | powerful. [Xom's mischief]
  3047 | D:3      | Found a one-way gate to the infinite horrors of the Abyss.
  3047 | D:3      | Found a transporter.
  3047 | D:3      | Noticed brob1's ghost (weakling MiBe)
  3154 | D:3      | Found a sacrificial altar of Ru.
  3258 | D:3      | Slain by a small abomination

Illustrated notes

Levels and vault maps discovered:
D:1:      saegor_arrival_simple_a, layout_basic, serial_shops, shop,
          hellmonk_ecumenical_altar_heavens_door, corexii_leaking_fountain
D:2:      layout_loops_ring, basic_altar
D:3:      layout_basic, nicolae_ru_the_path_less_chosen,
          cheibrodos_sewer_entry_bend, gammafunk_ghost_abyssal_escape

Skill      XL: |  1  2  3  4  5  6  7 |
---------------+----------------------+-----
Earth Magic    | 4 5 6 |  6.3
Fighting       | 1 2 3 |  3.0
Transmutations | 2 3 |  3.0
Spellcasting   | 3 |  3.7
Dodging        | |  1.7
Stealth        | |  2.4

Action                     |  1- 3 |  4- 6 |  7- 9 || total
---------------------------+-------+-------+-------++-------
  Melee: Dagger            |     5 |    48 |     3 ||    56
         Kick              |       |       |     1 ||     1
   Cast: Sandblast         |    40 |    67 |    12 ||   119
Ability: Dig               |       |     2 |       ||     2
    Use: Scroll            |       |       |     3 ||     3
 Armour: Leather armour    |       |    11 |     1 ||    12
         Robe              |       |     1 |       ||     1
  Dodge: Dodged            |     5 |    44 |     8 ||    57
